 Dungeon Crawl Stone Soup version 0.25.0-1-g7eea58d2a3 (webtiles) character file.

Game seed: 716755440616911910

5588 Dirian the Carver (level 10, -1/77 HPs)
             Began as a Minotaur Fighter on June 14, 2020.
             Was a High Priest of Zin.
             Slain by Sonja
             ... wielding a +3 short sword of draining
              (7 damage)
             ... on level 10 of the Dungeon.
             The game lasted 00:16:34 (10693 turns).

Dirian the Carver (Minotaur Fighter)               Turns: 10693, Time: 00:16:35

Health: -1/77      AC: 18    Str: 26    XL:     10   Next: 45%
Magic:  10/12      EV:  5    Int:  6    God:    Zin [*****.]
Gold:   566        SH: 14    Dex: 10    Spells: 9/9 levels left

rFire    + . .     SeeInvis .   n - +0 scimitar
rCold    . . .     Gourm    .   c - +1 kite shield
rNeg     . . .     Faith    .   g - +0 chain mail
rPois    ∞         Spirit   .   (helmet restricted)
rElec    .         Reflect  +   (no cloak)
rCorr    .         Harm     .   h - +0 pair of gloves
MR       .....                  l - +2 pair of boots
Stlth    ..........             i - amulet of reflection
HPRegen  0.22/turn              p - +4 ring of protection
MPRegen  0.13/turn              v - ring of protection from fire

@: lethally poisoned (-1 -> -1), vitalised, slowed, extremely drained, very slow
A: retaliatory headbutt, horns 2, yellow scales 1, frail 1
a: Recite, Vitalisation, Imprison, Sanctuary, Donate Gold, Renounce Religion


You were on level 10 of the Dungeon.
You worshipped Zin.
Zin was extremely pleased with you.
You were not hungry.

You visited 1 branch of the dungeon, and saw 10 of its levels.

You collected 628 gold pieces.
You donated 62 gold pieces to Zin.

Inventory:

Hand Weapons
 a - a +0 long sword
 n - a +0 scimitar (weapon)
Armour
 c - a +1 kite shield (worn)
 f - a +0 plate armour
 g - a +0 chain mail (worn)
 h - a +0 pair of gloves (worn)
 l - a +2 pair of boots (worn)
Jewellery
 b - an uncursed ring of flight
 i - an amulet of reflection (around neck)
 p - a +4 ring of protection (left hand)
 v - a ring of protection from fire (right hand)
Wands
 o - a wand of enslavement (10)
Scrolls
 j - 3 scrolls of magic mapping
 r - 9 scrolls of identify
 t - 4 scrolls of teleportation
 x - 4 scrolls of remove curse
Potions
 d - 4 potions of might
 k - 4 potions of stabbing
 m - a potion of brilliance
 q - 6 potions of curing
 s - a potion of berserk rage
 w - a potion of heal wounds
 z - a potion of magic {unknown}
Comestibles
 e - 19 rations
 u - 3 chunks of flesh


   Skills:
 + Level 7.0(0.0) Fighting
 * Level 12.4(2.2) Long Blades
 + Level 8.3(0.0) Armour
 + Level 9.3(0.0) Shields
 * Level 4.3(0.0) Invocations
 + Level 0.5(0.0) Evocations


You had 9 spell levels left.
You didn't know any spells.
Your spell library was empty.

Dungeon Overview and Level Annotations

Branches:
Dungeon (10/15)            Temple (0/1) D:5            Lair (0/6) D:10
    Orc (0/2) D:9

Altars:
Ashenzari
Cheibriados
Elyvilon
Fedhas
Gozag
Kikubaaqudgha
Nemelex Xobeh
Sif Muna
Uskayaw
Wu Jian
Zin

Annotations:
D:6 2 transporters
D:10 Sonja


Innate Abilities, Weirdness & Mutations

You reflexively headbutt those who attack you in melee.
You have a pair of horns on your head.
You are partially covered in yellow scales. (AC +2)
You are frail. (-10% HP)


Message History

Sonja hits you but does no damage.
You feel drained.
You closely miss Sonja.
Sonja is heavily wounded.
* * * LOW HITPOINT WARNING * * *
You feel very sick.
Sonja hits you with a +3 short sword of draining.
* * * LOW HITPOINT WARNING * * *
You feel drained. Sonja hits you but does no damage.
You feel drained. Sonja hits you but does no damage.
You feel drained. Sonja hits you but does no damage.
You feel drained. You block Sonja's attack.
Sonja barely misses you. x2; You riposte.
You closely miss Sonja.
Sonja is heavily wounded.
Sonja hits you but does no damage.
You feel drained.
Sonja hits you with a +3 short sword of draining.
* * * LOW HITPOINT WARNING * * *
You feel drained.
* * * LOW HITPOINT WARNING * * *
Zin grants you divine stamina.
Sonja hits you with a +3 short sword of draining!
You die...

#.# #.# #......... #.# #.#
#.#######. #.# #.# #.#
#####.######.######.#
....................#
[......#####....<...#######.#
.......# #.............(.(#
[......# #..)....(#######.#
.......# #(..K@(..# .......#
#........#
....................#
###.#####.#########.# #.# #.#
#.# #.# ###.#####.## .#
........?...


You could see Sonja.

Vanquished Creatures
  An unseen horror (D:10)
  Joseph (D:7)
  A troll (D:9)
  Prince Ribbit (D:8)
  A hippogriff (D:8)
  A spriggan (D:8)
  Menkaure (D:6)
  2 orc warriors
  3 ice beasts
  A black bear (D:6)
  2 ogres
  7 centaurs
  A big kobold (D:9)
  4 bullfrogs
  A water moccasin skeleton (D:6)
  13 killer bees (D:9)
  13 wights
  2 howler monkeys
  An electric eel (D:8)
  2 crimson imps
  A bullfrog skeleton (D:9)
  2 orc priests
  2 hounds
  A centaur skeleton (D:10)
  2 iguanas
  8 orc wizards
  7 worker ants
  2 hound zombies
  2 hound skeletons
  A howler monkey zombie (D:5)
  3 gnolls (D:4)
  12 adders
  A shadow imp (D:7)
  2 adder skeletons
  An adder zombie (D:7)
  A worm (D:2)
  2 dart slugs
  4 leopard geckos
  32 orcs
  3 ball pythons
  8 bats
  2 giant cockroaches
  4 goblins
  4 hobgoblins
  5 jackals
  11 kobolds
  9 quokkas
  7 frilled lizards
  A jackal skeleton (D:6)
  A quokka skeleton (D:6)
  4 rats
  4 fungi (D:8)
208 creatures vanquished.

Notes
Turn   | Place    | Note
-------+----------+-------------------------------------------
     0 | D:1      | Dirian the Minotaur Fighter began the quest for the Orb.
     0 | D:1      | Reached XP level 1. HP: 19/19 MP: 0/0
   223 | D:1      | Reached XP level 2. HP: 27/27 MP: 1/1
   917 | D:2      | Reached skill level 3 in Long Blades
   917 | D:2      | Reached XP level 3. HP: 22/33 MP: 2/2
  1812 | D:3      | Reached XP level 4. HP: 40/40 MP: 3/3
  1930 | D:3      | Reached skill level 4 in Long Blades
  2398 | D:3      | Reached XP level 5. HP: 45/47 MP: 4/4
  2431 | D:3      | Reached skill level 5 in Long Blades
  2645 | D:3      | Found a shattered altar of Ashenzari.
  2683 | D:3      | Noticed a centaur
  2691 | D:3      | Killed a centaur
  2691 | D:3      | Reached XP level 6. HP: 23/53 MP: 5/5
  3006 | D:4      | Found an ornate altar of the Wu Jian Council.
  3034 | D:4      | Reached skill level 6 in Long Blades
  3034 | D:4      | Reached skill level 5 in Armour
  3126 | D:4      | Reached skill level 5 in Shields
  3754 | D:4      | Reached XP level 7. HP: 60/60 MP: 6/6
  3854 | D:4      | Reached skill level 7 in Long Blades
  3903 | D:4      | Found a sparkling altar of Nemelex Xobeh.
  3904 | D:4      | Found a snail-covered altar of Cheibriados.
  3904 | D:4      | Found a glowing silver altar of Zin.
  3904 | D:4      | Found a shimmering blue altar of Sif Muna.
  3904 | D:4      | Found an ancient bone altar of Kikubaaqudgha.
  3935 | D:4      | Found a blossoming altar of Fedhas.
  4382 | D:4      | Gained mutation: You are frail. (-10% HP) [potion of
                  | mutation]
  4382 | D:4      | Gained mutation: You are partially covered in yellow
                  | scales. (AC +2) [potion of mutation]
  4475 | D:4      | Became a worshipper of Zin the Law-Giver
  4475 | D:4      | Reached * piety under Zin
  4492 | D:5      | Entered Level 5 of the Dungeon
  4677 | D:5      | Found a staircase to the Ecumenical Temple.
  4757 | D:5      | Reached ** piety under Zin
  4815 | D:5      | Reached skill level 5 in Fighting
  5187 | D:5      | Reached skill level 8 in Long Blades
  5474 | D:6      | Reached XP level 8. HP: 53/61 MP: 7/7
  5831 | D:6      | Noticed Menkaure
  5845 | D:6      | Killed Menkaure
  5845 | D:6      | Reached skill level 9 in Long Blades
  5999 | D:6      | Found a transporter.
  6001 | D:6      | Found a transporter.
  6020 | D:6      | Found a hide-covered altar of Uskayaw.
  6020 | D:6      | Found an opulent altar of Gozag.
  6020 | D:6      | Found a white marble altar of Elyvilon.
  6517 | D:7      | Reached *** piety under Zin
  6527 | D:7      | Reached skill level 1 in Invocations
  6542 | D:7      | Noticed Joseph
  6576 | D:7      | Killed Joseph
  6576 | D:7      | Reached skill level 10 in Long Blades
  6576 | D:7      | Reached XP level 9. HP: 21/67 MP: 6/9
  8098 | D:8      | Noticed Prince Ribbit
  8102 | D:8      | Reached skill level 11 in Long Blades
  8117 | D:8      | Killed Prince Ribbit
  9049 | D:9      | Reached **** piety under Zin
  9100 | D:9      | Noticed a troll
  9119 | D:9      | Killed a troll
  9119 | D:9      | Reached XP level 10. HP: 75/75 MP: 8/11
  9325 | D:9      | Reached skill level 12 in Long Blades
  9881 | D:9      | Found a staircase to the Orcish Mines.
  9884 | D:9      | Reached ***** piety under Zin
 10260 | D:10     | Entered Level 10 of the Dungeon
 10399 | D:10     | Killed an unseen horror
 10621 | D:10     | Found a staircase to the Lair.
 10676 | D:10     | Noticed Sonja
 10693 | D:10     | Slain by Sonja

Illustrated notes

Levels and vault maps discovered:
D:1:      dpeg_arrival_boxes_within_box, layout_loops_ring, dk_noncrumbling_4
D:2:      layout_basic, first_ration
D:3:      layout_loops_ring, lemuel_doored_altar, serial_park_tiny_pond
D:4:      minmay_angry_zag, layout_loops_ring,
          nemelex_xobeh_ov_fountains_minmay,
          chequers_temple_overflow_statue_of_worship, old_standard_altar,
          minmay_statues_item, fedhas_ov_isle_minmay
D:5:      layout_basic, minmay_temple_entry_wispy
D:6:      layout_loops_ring, gammafunk_temple_overflow_arena, bh_walls_and_bars,
          uniq_menkaure
D:7:      layout_rooms, minmay_circle_x, uniq_joseph
D:8:      layout_basic, the_bakery, water_boxes_lemuel, uniq_prince_ribbit1
D:9:      layout_loops_cross, hiddenorc1_lemuel
D:10:     layout_small_grid, lair_entry_dummy, uniq_sonja

Skill      XL: |  1  2  3  4  5  6  7  8  9 10 |
---------------+-------------------------------+-----
Fighting       | 4 5 6 7 |  7.0
Shields        | 4 5 6 7 8 9 |  9.3
Long Blades    | 3 4 5 6 8 10 11 12 | 12.4
Armour         | 4 5 7 8 |  8.3
Invocations    | 1 3 4 |  4.3
Evocations     | |  0.5

Action                   |  1- 3 |  4- 6 |  7- 9 | 10-12 || total
-------------------------+-------+-------+-------+-------++-------
Melee: Long sword        |    76 |   151 |   204 |       ||   431
       Headbutt          |     9 |    30 |    75 |    26 ||   140
       Scimitar          |       |       |   151 |   170 ||   321
Invok: Vitalisation      |       |       |     3 |     5 ||     8
       Recite            |       |       |     3 |     1 ||     4
 Abil: Evoke Flight      |       |       |     2 |       ||     2
Evoke: Wand              |       |       |    21 |       ||    21
  Use: Scroll            |       |     8 |     7 |     2 ||    17
       Potion            |       |       |     1 |     1 ||     2
 Stab: Invisible         |       |       |       |     1 ||     1
  Eat: Chunk             |     2 |     7 |     4 |     3 ||    16
       Ration            |       |       |     4 |     1 ||     5
Armor: Scale mail        |    53 |    23 |       |       ||    76
       Chain mail        |       |    52 |    89 |   162 ||   303
Dodge: Dodged            |    35 |    42 |    50 |    44 ||   171
Block: Kite shield       |    47 |    66 |   227 |   237 ||   577
       Reflection        |       |       |    10 |     7 ||    17
       Rpst.: Long sword |     6 |    10 |     6 |       ||    22
       Scimitar          |       |       |     7 |    12 ||    19
